 Dungeon Crawl Stone Soup version 0.23.1-41-g7e51ed32d8 (webtiles) character file.

Game seed: 5981676516152331890

3313 Gargoyl the Fighter (level 9, -1/81 HPs)
             Began as a Centaur Abyssal Knight on Mar 30, 2019.
             Was an Elder of Lugonu.
             Slain by Harold
             ... wielding a +0 halberd
              (9 damage)
             ... on level 7 of the Dungeon.
             The game lasted 00:11:42 (8301 turns).

Gargoyl the Fighter (Centaur Abyssal Knight)        Turns: 8301, Time: 00:11:43

Health: -1/81      AC: 14    Str: 19    XL:     9   Next: 70%
Magic:  13/13      EV:  4    Int: 11    God:    Lugonu [****..]
Gold:   47         SH:  4    Dex: 11    Spells: 8/8 levels left

rFire    . . .     SeeInvis .   o - +2 war axe
rCold    . . .     Gourm    .   (no shield)
rNeg     . . .     Faith    .   e - +0 plate armour
rPois    .         Spirit   .   v - +0 helmet
rElec    .         Reflect  +   (no cloak)
rCorr    .         Harm     .   u - +1 pair of gloves {Str+3}
MR       .....                  (no barding)
Stlth    ..........             l - +4 amulet of reflection
HPRegen  0.23/turn              g - ring of stealth
MPRegen  0.13/turn              (no ring)

@: very quick
A: large, hooves 3, deformed body, speed 2, tough skin 3
a: Depart the Abyss, Bend Space, Banish, Corrupt, Renounce Religion


You were on level 7 of the Dungeon.
You worshipped Lugonu.
Lugonu was greatly pleased with you.
You were not hungry.

You visited 1 branch of the dungeon, and saw 7 of its levels.
You visited the Abyss 1 time.

You collected 204 gold pieces.
You spent 157 gold pieces at shops.

Inventory:

Hand Weapons
 o - a +2 war axe (weapon)
 x - a +4 hand axe
Missiles
 n - 6 silver javelins (quivered)
Armour
 e - a +0 plate armour (worn)
 u - a +1 pair of gloves of strength (worn)
 v - a +0 helmet (worn)
Jewellery
 g - a ring of stealth (left hand)
 l - a +4 amulet of reflection (around neck)
 y - an uncursed amulet of guardian spirit {unknown}
Wands
 d - a wand of acid (3)
 r - a wand of flame (25)
 w - a wand of paralysis (7)
Scrolls
 j - 3 scrolls of remove curse
 m - 3 scrolls of blinking
 t - 2 scrolls of teleportation
 z - 3 scrolls of fear
Potions
 b - a potion of curing
 f - a potion of might
 h - 4 potions of invisibility
 i - 3 potions of magic {unknown}
 k - 3 potions of haste {unknown}
 p - 2 potions of degeneration {unknown}
 q - 4 potions of heal wounds {unknown}
 s - a potion of agility {unknown}
 A - 2 potions of mutation {unknown}
Comestibles
 c - 10 rations


   Skills:
 + Level 8.3 Fighting
 + Level 5.9 Axes
 * Level 5.5 Armour
 * Level 2.9 Dodging
 * Level 5.6 Invocations
 + Level 1.1 Evocations


You had 8 spell levels left.
You didn't know any spells.
Your spell library contained the following spells:

 Spells                   Type           Power        Failure   Level  Hunger
 Corona                   Hex            #......      100%        1    ##.....
 Magic Dart               Conj           #...         100%        1    ##.....
 Ensorcelled Hibernation  Hex/Ice        #.....       100%        2    ###....
 Searing Ray              Conj           #.....       100%        2    ###....
 Confuse                  Hex            #.......     100%        3    ####...
 Dazzling Spray           Conj/Hex       #.....       100%        3    ####...
 Tukima's Dance           Hex            #.......     100%        3    ####...
 Force Lance              Conj/Tloc      #.......     100%        4    #####..
 Fulminant Prism          Conj/Hex       #.........   100%        4    #####..
 Iskenderun's Mystic Bla  Conj           #.......     100%        4    #####..


Dungeon Overview and Level Annotations

Branches:
Dungeon (7/15)             Temple (0/1) D:4

Altars:
Ashenzari
Elyvilon
Gozag
Hepliaklqana
Kikubaaqudgha
Makhleb
Sif Muna
Vehumet
Wu Jian
Xom
Yredelemnul

Shops:
D:5 [

Annotations:
D:6 Prince Ribbit
D:7 Harold


Innate Abilities, Weirdness & Mutations

You have hooves in place of feet.
Armour fits poorly on your strangely shaped body.
You cover ground very quickly.
You have extremely tough skin. (AC +3)


Message History

Harold hits you from afar with a +0 halberd!!
The iguana bites you!
* * * LOW HITPOINT WARNING * * *
You completely miss the iguana.
The iguana is moderately wounded.
Harold hits you but does no damage. The iguana barely misses you.
You hit the iguana but do no damage. You kick the iguana.
The iguana is heavily wounded.
Harold hits you from afar with a +0 halberd.
* * * LOW HITPOINT WARNING * * *
The iguana bites you.
* * * LOW HITPOINT WARNING * * *
Unknown command.
Harold hits you from afar with a +0 halberd.
* * * LOW HITPOINT WARNING * * *
The iguana bites you but does no damage.
There is a stone staircase leading up, spattered with blood here.
The iguana barely misses you.
Harold hits you from afar with a +0 halberd!
You die...

.#........##...........@
...........##............
.....................###.
.##.........#.......####.
..##........#.......##...
.......[.####.........@..
###......#.#.....##......
.........l@......###.....
#......@#...............
##......#...............
###..................##
.....#.............##
###..............####
##.......#....##
####.#.###...# #####
#..## ##.#


You could see Harold and an iguana.

Vanquished Creatures
  2 large abominations (Abyss:2)
  Grinder (D:3)
  Purgy (D:3)
  An ice beast (D:5)
  2 orc warriors (D:6)
  5 ogres
  A centaur (D:6)
  A bullfrog (D:7)
  A wyvern skeleton (D:6)
  A scorpion (D:4)
  A howler monkey (D:5)
  3 bullfrog zombies
  2 crimson imps (D:5)
  A quasit (D:5)
  A centaur zombie (D:5)
  2 jellies
  5 orc priests
  A hound (D:5)
  A centaur skeleton (D:4)
  2 bullfrog skeletons
  An iguana (D:4)
  5 orc wizards
  3 worker ants
  A worker ant zombie (D:5)
  4 adders
  4 gnolls (D:6)
  2 shadow imps (D:6)
  An adder zombie (D:5)
  A worm (D:6)
  5 leopard geckos
  19 orcs
  6 giant cockroaches
  7 goblins
  7 hobgoblins
  9 jackals
  3 quokkas
  2 ball pythons
  9 bats
  A frilled lizard (D:3)
  2 jackal skeletons (D:6)
  A jackal zombie (D:5)
  7 kobolds
  A kobold skeleton (D:6)
  2 leopard gecko zombies (D:5)
  8 rats
146 creatures vanquished.

Vanquished Creatures (others)
  A human (D:6)
  3 orcs (D:6)
4 creatures vanquished.

Grand Total: 150 creatures vanquished

Notes
Turn   | Place    | Note
-------+----------+-------------------------------------------
     0 | Abyss:1  | Gargoyl the Centaur Abyssal Knight began the quest for the
                  | Orb.
     0 | Abyss:1  | Reached XP level 1. HP: 19/19 MP: 2/2
    30 | Abyss:1  | Found a shattered altar of Ashenzari.
    44 | Abyss:1  | Noticed a raiju
    46 | Abyss:1  | Noticed an ancient zyme
    47 | Abyss:1  | Noticed a jelly
   121 | Abyss:2  | Noticed a raiju
   178 | Abyss:2  | Noticed a large abomination
   180 | Abyss:2  | Killed a large abomination
   180 | Abyss:2  | Reached skill level 6 in Fighting
   180 | Abyss:2  | Reached skill level 1 in Dodging
   180 | Abyss:2  | Reached XP level 2. HP: 19/30 MP: 2/4
   181 | Abyss:2  | Reached XP level 3. HP: 24/37 MP: 2/5
   181 | Abyss:2  | Reached XP level 4. HP: 28/44 MP: 2/6
   181 | Abyss:2  | Reached XP level 5. HP: 32/50 MP: 2/7
   181 | Abyss:2  | Reached XP level 6. HP: 37/57 MP: 2/8
   189 | Abyss:2  | Noticed a large abomination
   191 | Abyss:2  | Noticed a thrashing horror
   197 | Abyss:2  | Killed a large abomination
   197 | Abyss:2  | Reached skill level 7 in Fighting
   197 | Abyss:2  | Reached skill level 1 in Evocations
   197 | Abyss:2  | Reached XP level 7. HP: 46/67 MP: 3/9
   197 | Abyss:2  | Reached XP level 8. HP: 51/74 MP: 3/10
   198 | D:1      | Escaped the Abyss
   427 | D:1      | Reached * piety under Lugonu
   679 | D:1      | You fall through a shaft!
  1148 | D:2      | Found a shattered altar of Ashenzari.
  1199 | D:2      | Reached ** piety under Lugonu
  1635 | D:3      | Found a white marble altar of Elyvilon.
  1684 | D:3      | Noticed Grinder
  1712 | D:3      | Paralysed by Grinder for 5 turns
  1723 | D:3      | Paralysed by Grinder for 2 turns
  1729 | D:3      | Paralysed by Grinder for 5 turns
  1744 | D:3      | Killed Grinder
  2046 | D:3      | Found an ornate altar of the Wu Jian Council.
  2048 | D:3      | Found a deep blue altar of Sif Muna.
  2050 | D:3      | Found a shimmering altar of Xom.
  2094 | D:3      | Noticed Purgy
  2123 | D:3      | Killed Purgy
  2213 | D:3      | Found a hazy altar of Hepliaklqana.
  3075 | D:4      | Found an ancient bone altar of Kikubaaqudgha.
  3083 | D:4      | Reached *** piety under Lugonu
  3200 | D:4      | Found a radiant altar of Vehumet.
  3734 | D:4      | Reached skill level 8 in Fighting
  3796 | D:4      | Reached XP level 9. HP: 76/81 MP: 12/12
  3907 | D:4      | Found a staircase to the Ecumenical Temple.
  4217 | D:5      | Entered Level 5 of the Dungeon
  4364 | D:5      | Found a burning altar of Makhleb.
  4413 | D:5      | Found Liyjuj's Antique Armour Shop.
  4419 | D:5      | Bought a pair of runed gloves for 157 gold pieces
  4508 | D:5      | Reached skill level 5 in Axes
  4672 | D:5      | Found an opulent altar of Gozag.
  4721 | D:5      | Reached skill level 5 in Invocations
  5631 | D:6      | Found a runed translucent door.
  5636 | D:6      | Found a basalt altar of Yredelemnul.
  5715 | D:6      | Reached skill level 5 in Armour
  7831 | D:6      | Reached **** piety under Lugonu
  8002 | D:7      | Noticed Prince Ribbit
  8003 | D:7      | Noticed Harold
  8301 | D:7      | Slain by Harold

Skill      XL: |  1  2  3  4  5  6  7  8  9 |
---------------+----------------------------+-----
Fighting       | 6 7 8 |  8.3
Axes           | 2 3 4 5 |  5.9
Armour         | 2 4 5 |  5.5
Dodging        | 1 2 |  2.9
Invocations    | 3 4 5 |  5.6
Evocations     | 1 |  1.1

Action                   |  1- 3 |  4- 6 |  7- 9 || total
-------------------------+-------+-------+-------++-------
Melee: Hand axe          |       |       |   587 ||   587
       Kick              |       |       |   147 ||   147
       War axe           |       |       |    15 ||    15
Throw: Javelin           |       |       |     3 ||     3
Invok: Depart the Abyss  |       |       |     1 ||     1
Evoke: Wand              |     3 |     3 |     1 ||     7
  Use: Potion            |     1 |       |     1 ||     2
       Scroll            |       |       |    15 ||    15
  Eat: Chunk             |       |       |    17 ||    17
       Ration            |       |       |     1 ||     1
Armor: Plate armour      |       |       |   525 ||   525
Dodge: Dodged            |       |       |   101 ||   101
Block: Other             |       |       |   106 ||   106
